 Dungeon Crawl Stone Soup version 0.31-a0-968-g24f9ace8b5 (webtiles) character file.

Game seed: 6477124756910124270

728 Xavori the Slasher (level 8, -5/58 HPs)
             Began as a Djinni Chaos Knight on Oct 27, 2023.
             Was a Plaything of Xom.
             Slain by a white imp (6 damage)
             ... summoned by Xom
             ... on level 5 of the Dungeon.
             The game lasted 00:04:41 (9764 turns).

Xavori the Slasher (Djinni Chaos Knight)            Turns: 9764, Time: 00:04:41

Health: -5/58      AC:  7    Str:  9    XL:     8   Next: 3%
Gold:   782        EV: 13    Int: 22    God:    Xom [..*...] SH:  6 Dex: 19

rFire   + + .        a - +0 falchion (chaos)
rCold   x . .        (no shield)
rNeg    . . .        b - +2 leather armour
rPois   ∞            (no helmet)
rElec   .            (no cloak)
rCorr   .            (no gloves)
SInv    .            (boots unavailable)
Will    .....        (no amulet)
Stlth   +            i - +6 ring of intelligence
HPRegen 0.29/turn    (no ring)
MPRegen 0.00/turn

%: infuse magic (-6 HP)
@: flying
A: sickness immunity, fire resistance 2, cold vulnerability 1, float, innate
caster, HP casting, extra vitality 1, iridescent scales 1, large bone plates 2,
agile 1, clever 1, screaming 1, wild magic 1, MP-powered wands, noise
suppression
a: Renounce Religion


You were on level 5 of the Dungeon.
You worshipped Xom.
You were a toy of Xom.
You visited 1 branch of the dungeon, and saw 5 of its levels.

You collected 782 gold pieces.

Inventory:

Hand Weapons
 a - a +0 falchion of chaos (weapon)
 e - a +2 short sword of electrocution
Armour
 b - a +2 leather armour (worn)
Jewellery
 i - a +6 ring of intelligence (left hand)
Wands
 n - a wand of digging (5)
 t - a wand of charming (9)
Scrolls
 c - a scroll of butterflies
 d - 2 scrolls of blinking {unknown}
 f - a scroll of enchant armour {unknown}
 g - 4 scrolls of teleportation
 j - a scroll of fear
 k - a scroll of torment
 o - 2 scrolls of enchant weapon {unknown}
 p - a scroll of noise {unknown}
 q - a scroll of brand weapon {unknown}
Potions
 h - a potion of invisibility
 l - a potion of magic {unknown}
 m - a potion of curing
 r - a potion of heal wounds {unknown}
 s - a potion of might {unknown}
 u - a potion of brilliance {unknown}


   Skills:
 + Level 4.2 Fighting
 * Level 4.7 Long Blades
 + Level 3.0 Armour
 + Level 3.9 Dodging
 * Level 2.8 Spellcasting
 * Level 2.8 Conjurations
 * Level 2.8 Hexes
   Level 0.0 Charms
 * Level 2.8 Summonings
 * Level 2.8 Necromancy
 * Level 2.8 Translocations
 * Level 2.8 Transmutations
 * Level 2.8 Fire Magic
 * Level 2.8 Ice Magic
 * Level 2.8 Air Magic
 * Level 2.8 Earth Magic
 * Level 2.8 Poison Magic
 + Level 1.9 Evocations


You knew the following spells:

 Your Spells              Type           Power      Damage    Failure   Level
a - Sandblast             Erth           40%        2d10      9%          1
b - Lesser Beckoning      Tloc           40%        N/A       13%         2
c - Blink                 Tloc           40%        N/A       13%         2
Your spell library was empty.

Dungeon Overview and Level Annotations

Branches:
Dungeon (5/15)
 Temple: D:4-7

Altars:
Fedhas
Wu Jian
Xom


Innate Abilities, Weirdness & Mutations

You are immune to sickness and miasma.
You are immune to poison.
Your flesh is very heat resistant. (rF++)
You are vulnerable to cold. (rC-)
You float through the air rather than walking.
You learn spells naturally, not from books.
Your magical power is your life essence.
You have superior vitality. (+4 MHP)
You are partially covered in iridescent scales. (AC +2)
You are mostly covered in large bone plates. (SH +6)
You are agile. (Dex +4, Str/Int -1)
Your mind is acute. (Int +4, Str/Dex -1)
You occasionally shout uncontrollably at your foes.
Your spells are a little harder to cast, but a little more powerful.
You expend health (3 HP) to strengthen your wands.
You passively dampen the noise of your surroundings.


Message History

Xom roars with laughter!
* * * LOW HITPOINT WARNING * * *
The shadow imp lashes its tail.
The crimson imp blinks!
You barely miss the shadow imp.
You punch the shadow imp, but do no damage.
The shadow imp misses you.
You closely miss the shadow imp. The shadow imp closely misses you.
You closely miss the shadow imp. You closely miss the crimson imp.
The crimson imp misses you.
You slash the crimson imp!
The crimson imp's magic leaks into the air.
The crimson imp is heavily wounded.
The crimson imp barely misses you.
The crimson imp falters for a moment.
You hit the crimson imp.
The crimson imp convulses!
You kill the crimson imp!
The crimson imp disappears in a puff of smoke!
You hit the shadow imp.
The shadow imp is lightly wounded.
The shadow imp hits you but does no damage.
You barely miss the shadow imp.
The shadow imp is lightly wounded.
You are now a toy of Xom.
The shadow imp gestures at you. Pain shoots through your body!
* * * LOW HITPOINT WARNING * * *
You hit the shadow imp. You burn the shadow imp.
The shadow imp is almost dead.
The shadow imp hits you but does no damage.
You barely miss the shadow imp.
The shadow imp is almost dead.
The shadow imp disappears in a puff of smoke!
The white imp hits you.
* * * LOW HITPOINT WARNING * * *
The white imp freezes you.
You feel a terrible chill!
* * * LOW HITPOINT WARNING * * *
You completely miss the white imp. The white imp hits you.
* * * LOW HITPOINT WARNING * * *
The white imp freezes you.
You feel a terrible chill!
You die...

#... #..........# #.
#....#.#######..#
#.##...$#.#....<..)#
#....$..#.#.##.....#
##.
#....#.#.##.....# ..
#...............# #.
#.............#
#.####.............#
#..@5..............#
######.?............
#............##
#!...........#
#............#
#............#
#............#
#........##


You could see a white imp (summoned).

Vanquished Creatures
  3 black bears (D:5)
  An ogre (D:5)
  A scorpion (D:4)
  A howler monkey (D:5)
  Terence (D:2)
  2 orc wizards
  6 adders
  A shadow imp (D:5)
  2 worms (D:3)
  A dart slug (D:2)
  10 orcs
  9 ball pythons
  7 bats
  10 endoplasms
  2 giant cockroaches
  4 goblins
  5 hobgoblins
  3 jackals (D:1)
  3 quokkas
  6 frilled lizards
  4 kobolds
  3 rats
85 creatures vanquished.

Vanquished Creatures (others)
  An orc priest (D:4)
  An orc wizard (D:4)
2 creatures vanquished.

Grand Total: 87 creatures vanquished

Notes
Turn   | Place    | Note
-------+----------+-------------------------------------------
     0 | D:1      | Xavori the Djinni Chaos Knight began the quest for the Orb.
     0 | D:1      | Reached XP level 1. HP: 20/20 MP: 0/0
   145 | D:1      | Reached XP level 2. HP: 25/25 MP: 0/0
   208 | D:1      | Found a faded altar of an unknown god.
   216 | D:1      | XOM: silly message
   345 | D:1      | XOM: silly message
   534 | D:1      | Reached XP level 3. HP: 25/30 MP: 0/0
   534 | D:1      | Learned a level 1 spell: Sandblast
  1498 | D:1      | XOM is BORED!
  1498 | D:1      | XOM: silly message
  1788 | D:1      | XOM: silly message
  2175 | D:1      | XOM: god gift: scroll labelled CIRYKU KUINIPO {god gift}
  2348 | D:1      | XOM is BORED!
  2348 | D:1      | XOM: noise
  3203 | D:1      | XOM: god gift: 22 gold pieces
  3396 | D:1      | XOM is BORED!
  3436 | D:1      | XOM: give mutations
  3436 | D:1      | Gained mutation: You are agile. (Dex +4, Str/Int -1) [Xom's
                  | mischief]
  3436 | D:1      | Gained mutation: You are weak. (Str -2) [Xom's mischief]
  3436 | D:1      | Gained mutation: Your mind is acute. (Int +4, Str/Dex -1)
                  | [Xom's mischief]
  3707 | D:1      | XOM: noise
  4067 | D:1      | XOM: 1-stop teleportation journey
  4079 | D:1      | Identified the "Socs" (Xom gifted it to you on level 1 of
                  | the Dungeon)
  4079 | D:1      | XOM: god gift: Xom's Incunable of Too Many Cooks
  4266 | D:1      | XOM: scenery: create altars
  4318 | D:1      | XOM: 6-stop teleportation journey
  4383 | D:1      | XOM: torment (16/30 hp)
  4480 | D:1      | XOM: scenery: create altars
  4660 | D:1      | XOM: god gift: cabochon ring {god gift}
  4854 | D:1      | XOM: god gift: leather armour {god gift}
  5275 | D:1      | XOM: silly message
  5811 | D:1      | XOM: silly message
  6789 | D:2      | Noticed Terence
  6809 | D:2      | XOM: enchant monster (bad)
  6813 | D:2      | Killed Terence
  6814 | D:2      | Reached skill level 1 in Spellcasting
  6814 | D:2      | Reached skill level 1 in Conjurations
  6814 | D:2      | Reached skill level 1 in Hexes
  6814 | D:2      | Reached skill level 1 in Summonings
  6814 | D:2      | Reached skill level 1 in Necromancy
  6814 | D:2      | Reached skill level 1 in Translocations
  6814 | D:2      | Reached skill level 1 in Transmutations
  6814 | D:2      | Reached skill level 1 in Fire Magic
  6814 | D:2      | Reached skill level 1 in Ice Magic
  6814 | D:2      | Reached skill level 1 in Air Magic
  6814 | D:2      | Reached skill level 1 in Earth Magic
  6814 | D:2      | Reached skill level 1 in Poison Magic
  6814 | D:2      | Reached XP level 4. HP: 10/35 MP: 0/0
  6890 | D:2      | XOM: 2-stop teleportation journey
  7132 | D:2      | XOM: 2-stop teleportation journey
  7373 | D:2      | Reached XP level 5. HP: 14/40 MP: 0/0
  7373 | D:2      | Learned a level 2 spell: Lesser Beckoning
  7948 | D:3      | XOM: give mutations
  7948 | D:3      | Gained mutation: You expend health (3 HP) to strengthen
                  | your wands. [Xom's grace]
  7948 | D:3      | Gained mutation: Your flesh is almost immune to the effects
                  | of heat. (rF+++) [Xom's grace]
  8075 | D:3      | XOM: cloud trail
  8114 | D:3      | Found a blossoming altar of Fedhas.
  8227 | D:4      | XOM: give mutations
  8227 | D:4      | Gained mutation: You occasionally shout uncontrollably at
                  | your foes. [Xom's mischief]
  8227 | D:4      | Lost mutation: You are weak. (Str -2) [Xom's mischief]
  8227 | D:4      | Gained mutation: You passively dampen the noise of your
                  | surroundings. [Xom's mischief]
  8257 | D:4      | Reached XP level 6. HP: 21/46 MP: 0/0
  8438 | D:4      | XOM: give mutations
  8438 | D:4      | Gained mutation: You are partially covered in large bone
                  | plates. (SH +4) [Xom's grace]
  8438 | D:4      | Gained mutation: You are mostly covered in large bone
                  | plates. (SH +6) [Xom's grace]
  8438 | D:4      | Gained mutation: You are partially covered in iridescent
                  | scales. (AC +2) [Xom's grace]
  8438 | D:4      | Gained mutation: Your spells are a little harder to cast,
                  | but a little more powerful. [Xom's grace]
  8480 | D:4      | XOM: smoke on damage
  8485 | D:4      | XOM: summons 4 friendly demons
  8564 | D:3      | XOM: give mutation
  8564 | D:3      | Lost mutation: Your flesh is almost immune to the effects
                  | of heat. (rF+++) [Xom's mischief]
  8797 | D:4      | Found an ornate altar of the Wu Jian Council.
  9158 | D:4      | Identified the +10 mace "Lanedyniufa" {holy, Dex+3}
  9219 | D:4      | Identified a scroll of acquirement
  9220 | D:4      | Identified the of Noazug (You acquired it on level 4 of
                  | the Dungeon)
  9220 | D:4      | Acquired 532 gold pieces
  9260 | D:5      | Entered Level 5 of the Dungeon
  9305 | D:5      | Found a shimmering altar of Xom.
  9346 | D:5      | Noticed a black bear
  9347 | D:5      | XOM: fog
  9356 | D:5      | Killed a black bear
  9357 | D:5      | Reached skill level 1 in Evocations
  9357 | D:5      | Reached XP level 7. HP: 46/51 MP: 0/0
  9357 | D:5      | Learned a level 2 spell: Blink
  9384 | D:5      | XOM: noise
  9611 | D:5      | Reached XP level 8. HP: 37/58 MP: 0/0
  9728 | D:5      | XOM: summons 5 hostile demons
  9763 | D:5      | HP: 2/58 [white imp[Xom] (4)]
  9764 | D:5      | Slain by a white imp

Illustrated notes

Levels and vault maps discovered:
D:1:      roadster_arrival_rocket_small, layout_rooms,
          hellmonk_ecumenical_altar_inner_sanctum
D:2:      layout_loops_cross, uniq_terence
D:3:      kennysheep_big_flooded_room, layout_rooms,
          mainiacjoe_overflow_alcove_1, kiku_gazebo_garden_becter,
          minmay_misc_feat_encased
D:4:      layout_rooms, nicolae_overflow_hidden_temple,
          hangedman_decor_diamond_cutter
D:5:      layout_basic, kennysheep_little_box

Skill      XL: |  1  2  3  4  5  6  7 |
---------------+----------------------+-----
Long Blades    | 3 4 |  4.7
Spellcasting   | 1 2 |  2.8
Conjurations   | 1 2 |  2.8
Hexes          | 1 2 |  2.8
Summonings     | 1 2 |  2.8
Necromancy     | 1 2 |  2.8
Translocations | 1 2 |  2.8
Transmutations | 1 2 |  2.8
Fire Magic     | 1 2 |  2.8
Ice Magic      | 1 2 |  2.8
Air Magic      | 1 2 |  2.8
Earth Magic    | 1 2 |  2.8
Poison Magic   | 1 2 |  2.8
Armour         | 2 3 |  3.0
Dodging        | 3 |  3.9
Evocations     | 1 |  1.9
Fighting       | 4 |  4.2

Action                     |  1- 3 |  4- 6 |  7- 9 || total
---------------------------+-------+-------+-------++-------
  Melee: Falchion          |    14 |   157 |    60 ||   231
         Short sword       |    57 |    48 |       ||   105
         Punch             |     2 |     2 |     2 ||     6
    Use: Scroll            |     1 |     6 |       ||     7
         Potion            |       |     1 |       ||     1
   Stab: Sleeping          |       |     1 |       ||     1
         Invisible         |       |     2 |       ||     2
         Petrifying        |       |     1 |       ||     1
         Petrified         |       |     1 |       ||     1
 Armour: Leather armour    |    51 |   141 |    47 ||   239
  Dodge: Dodged            |    44 |   146 |    40 ||   230
  Block: Other             |       |     8 |    20 ||    28

Table legend: (Time is in decaauts)
 A = Elapsed time spent in this place.
 B = Non-inter-level travel time spent in this place.
 C = Inter-level travel time spent in this place.
 D = Time resting spent in this place.
 E = Time spent auto-exploring this place.
 F = Levels seen in this place.
 G = Mean time per level.
                   A        B        C        D        E       F      G
               +--------+--------+--------+--------+--------+-----+--------+
         Total |   9781 |   9629 |    152 |   6547 |   2405 |   5 | 1956.2 |
       Dungeon |   9781 |   9629 |    152 |   6547 |   2405 |   5 | 1956.2 |
               +--------+--------+--------+--------+--------+-----+--------+

Top non-repeatable levels by time:
     D:1: 6715 daAuts
     D:3: 962 daAuts
     D:4: 831 daAuts
     D:2: 763 daAuts
     D:5: 508 daAuts
